 Dungeon Crawl Stone Soup version 0.19.5 (webtiles) character file.

2691 Peloso the Carver (level 9, -4/78 HPs)
             Began as a Minotaur Fighter on May 13, 2017.
             Was a Priest of Okawaru.
             Slain by Menkaure (16 damage)
             ... on level 7 of the Dungeon.
             The game lasted 00:14:52 (5530 turns).

Peloso the Carver (Minotaur Fighter)                Turns: 5530, Time: 00:14:53

Health: -4/78      AC: 10    Str: 22    XL:     9   Next: 38%
Magic:  8/8        EV:  8    Int:  5    God:    Okawaru [***...]
Gold:   164        SH: 12    Dex: 12    Spells: 0 memorised, 8 levels left

rFire  . . .     SeeInvis .     G - +2 scimitar (freeze) (curse)
rCold  . . .     Gourm    .     A - +0 chain mail
rNeg   . . .     Faith    .     c - +1 shield
rPois  .         Spirit   .     (helmet restricted)
rElec  .         Reflect  .     (no cloak)
rCorr  +         Harm     .     (no gloves)
MR     .....                    (no boots)
Stlth  ..........               (no amulet)
                                (no ring)
                                e - ring of resist corrosion

@: lethally poisoned (-4 -> -5)
A: retaliatory headbutt, horns 2
a: Heroism, Renounce Religion


You were on level 7 of the Dungeon.
You worshipped Okawaru.
Okawaru was most pleased with you.
You were not hungry.

You visited 1 branch of the dungeon, and saw 7 of its levels.
You also visited: Ossuary.

You collected 216 gold pieces.
You spent 52 gold pieces at shops.

Inventory:

Hand Weapons
 a - a +1 long sword
 m - a cursed -1 mace
 p - a +3 spear
 q - a cursed -3 whip
 B - a +4 falchion of freezing
 F - a +2 rapier of electrocution
 G - a cursed +2 scimitar of freezing (weapon)
 H - a +2 spear
Armour
 c - a +1 shield (worn)
 A - a +0 chain mail (worn)
Jewellery
 e - a ring of resist corrosion (left hand)
Wands
 n - a wand of slowing (5/48)
 y - a wand of confusion (20/48)
 C - a wand of flame (17/48)
Scrolls
 g - 2 scrolls of teleportation
 k - a scroll of blinking
 o - 2 scrolls of enchant weapon
 I - a scroll of remove curse
Potions
 b - 2 potions of haste
 d - 2 potions of might
 h - a potion of brilliance {unknown}
 i - 3 potions of curing
 j - 2 potions of heal wounds
 l - a potion of invisibility
 s - 3 potions of cancellation
 t - 3 potions of lignification {unknown}
 u - a potion of flight {unknown}
 v - 2 potions of berserk rage {unknown}
Books
 x - a book of Misfortune

   Spells                             Type                      Level
   a - Confusing Touch                Hexes                        1
   b - Confuse                        Hexes                        3
   c - Gell's Gravitas                Hexes/Translocation          3
   d - Petrify                        Transmutation/Earth          4
   e - Metabolic Englaciation         Hexes/Ice                    5
   f - Yara's Violent Unravelling     Hexes/Transmutation          5
 D - a book of Air

   Spells                             Type                      Level
   a - Shock                          Conjuration/Air              1
   b - Swiftness                      Charms/Air                   2
   c - Repel Missiles                 Charms/Air                   2
   d - Static Discharge               Conjuration/Air              3
   e - Lightning Bolt                 Conjuration/Air              5
Comestibles
 f - 5 bread rations
 r - 3 meat rations
 z - 6 beef jerkies
 E - 3 fruits


   Skills:
 + Level 6.7 Fighting
 + Level 9.9 Long Blades
 + Level 7.2 Armour
 + Level 3.1 Dodging
 + Level 1.0 Stealth
 + Level 8.3 Shields


You had 8 spell levels left.
You didn't know any spells.

Dungeon Overview and Level Annotations

Branches:
Dungeon (7/15)
 Temple: D:4-7

Altars:
Cheibriados
Elyvilon
Nemelex Xobeh
Okawaru
Ru
Trog
Uskayaw
Vehumet
Yredelemnul
Zin
The Shining One

Shops:
D:4 *   D:5 [

Annotations:
D:7 Menkaure


Innate Abilities, Weirdness & Mutations

You reflexively headbutt those who attack you in melee.
You have a pair of horns on your head.


Message History

Your chain mail prevents you from hitting Menkaure.
You feel sick.
Menkaure shouts, "You disturbed my rest!
Die!"
Menkaure hits you!
You hit Menkaure. You freeze Menkaure. Your headbutt misses Menkaure.
Menkaure is moderately damaged.
Menkaure hits you but does no damage.
You hit Menkaure.
Menkaure is moderately damaged.
Menkaure hits you!
You barely miss Menkaure. You headbutt Menkaure!
Menkaure is severely damaged.
Menkaure hits you!
* * * LOW HITPOINT WARNING * * *
Your chain mail prevents you from hitting Menkaure.
Menkaure is severely damaged.
You feel sick.
Menkaure hums in an indecipherable tongue.
Menkaure hits you!
You die...

#... #.#.
#.#.########
##..<.......#.. ..
#.....=. ...#.###.
#......###..#<....
#....M..##.>#....
#....@...........
#......##.#.#.##
#########...#.#
##....#
#...###+#####
#...##.......
#...##.......
#...†....####
##.......##..


You could see Menkaure.

Vanquished Creatures
  Grinder (D:3)
  Eustachio (D:5)
  Edmund (D:5)
  A sky beast (D:4)
  A phantom (D:5)
  2 ice beasts (D:6)
  3 ogres
  3 elf zombies (Ossuary)
  Blork the orc (D:5)
  A bullfrog (D:4)
  2 scorpions
  5 wights (D:6)
  2 howler monkeys
  2 centaur zombies
  A crimson imp (D:5)
  2 hounds
  2 orc priests (D:4)
  3 jellies
  3 orc wizards
  Ijyb (D:3)
  3 iguanas
  3 worker ants
  2 big kobold zombies (Ossuary)
  A hound zombie (D:5)
  A hound skeleton (D:5)
  2 mummies (Ossuary)
  Robin (D:2)
  3 gnolls (D:6)
  2 river rats (D:5)
  7 adders
  A shadow imp (D:5)
  An adder zombie (Ossuary)
  2 worms
  A dart slug (D:2)
  2 leopard geckos
  11 orcs
  A ball python (D:1)
  10 giant cockroaches
  17 goblins
  7 hobgoblins
  4 jackals
  3 quokkas
  11 bats
  3 frilled lizards
  9 hobgoblin zombies (Ossuary)
  2 jackal skeletons
  A jackal zombie (Ossuary)
  10 kobolds
  8 kobold zombies (Ossuary)
  11 orc zombies (Ossuary)
  8 rats
  A rat zombie (Ossuary)
187 creatures vanquished.

Notes
Turn   | Place    | Note
-------+----------+-------------------------------------------
     0 | D:1      | Peloso the Minotaur Fighter began the quest for the Orb.
     0 | D:1      | Reached XP level 1. HP: 19/19 MP: 0/0
   184 | D:1      | Reached XP level 2. HP: 24/27 MP: 1/1
   591 | D:2      | Reached skill level 1 in Dodging
   591 | D:2      | Reached XP level 3. HP: 31/33 MP: 2/2
   741 | D:2      | Reached skill level 3 in Long Blades
   757 | D:2      | Found a hide-covered altar of Uskayaw.
   824 | D:2      | Noticed Robin
   838 | D:2      | Reached XP level 4. HP: 38/41 MP: 3/3
   840 | D:2      | Killed Robin
  1150 | D:2      | Found a snail-covered altar of Cheibriados.
  1352 | D:3      | Noticed Ijyb
  1364 | D:3      | Killed Ijyb
  1386 | D:3      | Noticed Grinder
  1400 | D:3      | Killed Grinder
  1400 | D:3      | Reached skill level 4 in Long Blades
  1400 | D:3      | Reached skill level 5 in Shields
  1400 | D:3      | Reached XP level 5. HP: 11/47 MP: 4/4
  1400 | D:3      | Reached XP level 6. HP: 13/55 MP: 5/5
  1680 | D:3      | Found a sacrificial altar of Ru.
  1854 | D:3      | Reached skill level 5 in Fighting
  1978 | D:3      | Found an iron altar of Okawaru.
  1986 | D:3      | Became a worshipper of Warmaster Okawaru
  2534 | D:4      | Reached skill level 5 in Long Blades
  2661 | D:4      | Found Zuetrar's Assorted Antiques.
  2692 | D:4      | Noticed a sky beast
  2709 | D:4      | Killed a sky beast
  2709 | D:4      | Reached XP level 7. HP: 29/61 MP: 6/6
  3031 | D:4      | Reached skill level 5 in Armour
  3069 | D:4      | Found a glowing golden altar of the Shining One.
  3069 | D:4      | Found a white marble altar of Elyvilon.
  3076 | D:4      | Found a glowing silver altar of Zin.
  3173 | D:4      | Reached * piety under Okawaru
  3173 | D:4      | Reached skill level 1 in Stealth
  3446 | D:4      | Bought a scroll labeled RIOLUN ZAFFY for 26 gold pieces
  3448 | D:4      | Bought a scroll labeled GAKHLE SUOPEDUA for 26 gold pieces
  3487 | D:4      | Reached skill level 6 in Long Blades
  3512 | D:5      | Entered Level 5 of the Dungeon
  3554 | D:5      | Found a basalt altar of Yredelemnul.
  3562 | D:5      | Found a sand-covered staircase.
  3588 | Ossuary  | Entered an ossuary
  3828 | Ossuary  | Reached XP level 8. HP: 67/69 MP: 7/7
  3943 | Ossuary  | Reached skill level 7 in Long Blades
  4058 | D:5      | Found Xiraeb's Armour Boutique.
  4086 | D:5      | Found a bloodstained altar of Trog.
  4095 | D:5      | Noticed Eustachio
  4108 | D:5      | Reached ** piety under Okawaru
  4108 | D:5      | Reached skill level 8 in Long Blades
  4121 | D:5      | Killed Eustachio
  4122 | D:5      | Found a radiant altar of Vehumet.
  4130 | D:5      | Noticed Blork the orc
  4133 | D:5      | Noticed Edmund
  4142 | D:5      | Killed Blork the orc
  4191 | D:5      | Killed Edmund
  4562 | D:5      | Reached skill level 9 in Long Blades
  4693 | D:5      | Found a sparkling altar of Nemelex Xobeh.
  4770 | D:6      | Reached XP level 9. HP: 78/78 MP: 8/8
  4831 | D:6      | Reached *** piety under Okawaru
  5521 | D:7      | Noticed Menkaure
  5530 | D:7      | Slain by Menkaure

Skill      XL: |  1  2  3  4  5  6  7  8  9 |
---------------+----------------------------+-----
Fighting       | 4 5 6 |  6.7
Dodging        | 1 2 3 |  3.1
Shields        | 4 5 6 7 8 |  8.3
Long Blades    | 3 4 5 6 9 |  9.9
Armour         | 4 5 6 7 |  7.2
Stealth        | 1 |  1.0

Action                   |  1- 3 |  4- 6 |  7- 9 || total
-------------------------+-------+-------+-------++-------
Melee: Long sword        |    93 |   156 |   317 ||   566
       Headbutt          |    18 |    30 |    82 ||   130
       Scimitar          |       |       |    55 ||    55
       Falchion          |       |       |     7 ||     7
  Use: Scroll            |       |     6 |     8 ||    14
       Potion            |       |       |     1 ||     1
  Eat: Chunk             |       |     4 |     8 ||    12
       Fruit             |       |     1 |       ||     1
       Beef jerky        |       |       |     1 ||     1
       Royal jelly       |       |       |     1 ||     1
Armor: Scale mail        |    40 |    45 |       ||    85
       Chain mail        |       |     3 |   127 ||   130
Dodge: Dodged            |    28 |    59 |    87 ||   174
Block: Shield            |    43 |    96 |   185 ||   324
       Rpst.: Long sword |    10 |    14 |    25 ||    49
       Falchion          |       |       |     1 ||     1
       Scimitar          |       |       |     1 ||     1
